 Dungeon Crawl Stone Soup version 0.30-a0-368-g86fb4627a9 (webtiles) character file.

Game seed: 1804396913996589700

73 ytrimaz the Cudgeller (level 4, -1/48 HPs)
             Began as an Ogre Berserker on Nov 18, 2022.
             Was a Follower of Trog.
             Slain by a goblin
             ... wielding a +0 club
             ... led by Robin
              (4 damage)
             ... on level 2 of the Dungeon.
             The game lasted 00:01:40 (1284 turns).

ytrimaz the Cudgeller (Ogre Berserker)              Turns: 1284, Time: 00:01:40

Health: -1/48      AC:  3    Str: 23    XL:     4   Next: 27%
Magic:  4/4        EV: 10    Int:  8    God:    Trog [*.....]
Gold:   92         SH:  0    Dex:  8    Spells: 3/3 levels left

rFire   + . .      SeeInvis +    a - +0 mace
rCold   + . .      Faith    .    (no shield)
rNeg    . . .      Spirit   .    b - +0 animal skin
rPois   +          Reflect  .    (helmet restricted)
rElec   +          Harm     .    (no cloak)
rCorr   +          Rampage  .    (gloves unavailable)
Will    .....                    (boots unavailable)
Stlth   +.........               (no amulet)
HPRegen 0.28/turn                g - ring of see invisible
MPRegen 0.09/turn                (no ring)

@: resistant, on berserk cooldown, slowed, very slow
A: large, unfitting armour, tough skin 1
a: Renounce Religion, Berserk


You were on level 2 of the Dungeon.
You worshipped Trog.
Trog was aware of your devotion.
You visited 1 branch of the dungeon, and saw 2 of its levels.

You collected 92 gold pieces.


Innate Abilities, Weirdness & Mutations

You are too large for most types of armour.
You have tough skin. (AC +1)


   Skills:
 - Level 4.0 Fighting
 + Level 4.5 Maces & Flails
 - Level 2.6 Dodging


You had 3 spell levels left.
You didn't know any spells.
Your spell library was empty.

Inventory:

Hand Weapons
 a - a +0 mace (weapon)
Missiles
 j - 6 silver boomerangs (quivered)
Armour
 b - a +0 animal skin (worn)
Jewellery
 g - a ring of see invisible (left hand)
   (You found it on level 1 of the Dungeon)
Scrolls
 d - a scroll of identify
 h - a scroll of poison

Dungeon Overview and Level Annotations

Branches:
Dungeon (2/15) Zot: 10668

Altars:

Shops:
D:1 [

Annotations:
D:2 Robin

# #####
########.#### #####
#...###..........##
....#
#.#.....######.#.##
###.# #...#####
##...... # ##.##
#....... # #.#
##...### # #.#
##.## # #g# #.# #@#
#.# #gg# #+# ##g#
g. ... ...# ....
...##


You could see Robin, a hobgoblin (strong) and 3 goblins.


Message History

You take 3 damage, and now have 44/48 hp.
The goblin attacks as you move away! The goblin barely misses you.
The goblin unwields a +0 dagger.
The goblin wields a +0 sling.
The goblin shoots a sling bullet.
The sling bullet closely misses you. 😕 HP[+1]
A red film seems to cover your vision as you go berserk!
You feel yourself moving faster!
You feel mighty!
The goblin shoots a sling bullet.
The sling bullet hits you. 😕 HP[+19]
You now have 72 max hp (+24).
You regained 19 hp, and now have 64/72 hp.
Unknown command.
You feel a strong urge to attack something.
The goblin shoots a sling bullet.
The sling bullet closely misses you.
A hobgoblin comes into view.
The hobgoblin shouts!
The goblin unwields a +0 sling.
The goblin wields a +0 dagger.
The goblin barely misses you.
You thump the goblin!
You kill the goblin!
Trog accepts your kill.
Unknown command.
You barely miss the goblin. The goblin hits you but does no damage.
You sock the goblin!
You kill the goblin!
Trog accepts your kill. 😕 HP[+1]
You are no longer berserk.
You are exhausted.
You feel yourself slow down. The goblin hits you with a +0 dagger.
The goblin hits you with a +0 club.
Items here: ))) †. 😕 HP[-26]
You now have 48 max hp (-24).
You take 26 damage, and now have 39/48 hp.
MASSIVE DAMAGE!! (PAUSE)
You sock the goblin!
You kill the goblin!
Trog accepts your kill. The goblin hits you with a +0 club.
The goblin hits you but does no damage.
The goblin hits you with a +0 club. 😮 HP[-5]
You take 5 damage, and now have 34/48 hp.
You sock the goblin!
You kill the goblin!
Trog accepts your kill.
Robin roars a battlecry!
The goblins go into a battle-frenzy!
The goblin hits you with a +0 club. 😮 HP[-2]
You take 2 damage, and now have 32/48 hp.
Unknown command.
You sock the goblin!
You kill the goblin!
Trog accepts your kill. Robin throws the goblin at you!
The goblin closely misses you. The goblin hits you but does no damage.
The goblin closely misses you. 😮 HP[+1] Unknown command.
It was a potion of resistance.
You feel protected. The hobgoblin barely misses you.
The goblin hits you with a +0 dagger. The goblin hits you but does no damage.
The hobgoblin barely misses you. The goblin hits you with a +0 club.
* * * LOW HITPOINT WARNING * * *
The goblin barely misses you. 😨 HP[-10]
You take 10 damage, and now have 23/48 hp.
MASSIVE DAMAGE!! (PAUSE)
You hit the goblin but do no damage. The hobgoblin hits you.
* * * LOW HITPOINT WARNING * * *
The goblin barely misses you. The goblin completely misses you.
The goblin hits you with a +0 club.
* * * LOW HITPOINT WARNING * * *
The goblin closely misses you. The hobgoblin hits you.
* * * LOW HITPOINT WARNING * * *
😨 HP[-9]
You take 9 damage, and now have 14/48 hp.
Unknown command.
You hit the goblin but do no damage. The goblin closely misses you.
The hobgoblin closely misses you. The goblin closely misses you.
You miss the goblin. The hobgoblin hits you.
* * * LOW HITPOINT WARNING * * *
The goblin misses you. The goblin closely misses you.
The goblin hits you with a +0 dagger.
* * * LOW HITPOINT WARNING * * *
The goblin hits you with a +0 club.
* * * LOW HITPOINT WARNING * * *
The hobgoblin hits you but does no damage. 😱 HP[-10]
You take 10 damage, and now have 4/48 hp.
MASSIVE DAMAGE!! (PAUSE) Unknown command.
Okay, then.
You closely miss the goblin.
The hobgoblin hits you but does no damage.
The goblin hits you with a +0 dagger.
* * * LOW HITPOINT WARNING * * *
The goblin hits you with a +0 club.
You die...

Skill      XL: |  1  2  3 |
---------------+----------+-----
Maces & Flails | 3 4 |  4.5
Fighting       | |  4.0
Dodging        | |  2.6

Action                   |  1- 3 |  4- 6 || total
-------------------------+-------+-------++-------
Melee: Mace              |   129 |    19 ||   148
Invok: Berserk           |     1 |     1 ||     2
       Trog's Hand       |     1 |       ||     1
  Use: Scroll            |     5 |       ||     5
       Potion            |       |     1 ||     1
Armor: Animal skin       |    45 |     8 ||    53
Dodge: Dodged            |   101 |    22 ||   123

Levels and vault maps discovered:
D:1:      onia_arrival_pyramid, layout_rooms, ebering_ecumenical_altar_rust,
          serial_shops, shop, minmay_misc_feat_four_crosses
D:2:      layout_loops_corners, uniq_robin, uniq_sigmund

Notes
Turn   | Place    | Note
-------+----------+-------------------------------------------
     0 | D:1      | ytrimaz the Ogre Berserker began the quest for the Orb.
     0 | D:1      | Reached XP level 1. HP: 24/24 MP: 1/1
     0 | D:1      | magus.rc [v1.9.6]
    57 | D:1      | Reached skill level 3 in Maces & Flails
    58 | D:1      | Reached XP level 2. HP: 32/32 MP: 2/2
   334 | D:1      | Found Faewan's Armour Emporium.
   398 | D:1      | Reached XP level 3. HP: 39/39 MP: 3/3
   477 | D:1      | Found a faded altar of an unknown god.
   600 | D:1      | Reached ** piety under Trog
   601 | D:1      | Reached skill level 4 in Maces & Flails
   904 | D:2      | HP: 9/39 [poisoned by an adder]
  1042 | D:2      | Reached XP level 4. HP: 45/48 MP: 4/4
  1266 | D:2      | Noticed Robin
  1283 | D:2      | HP: 12/48 [hobgoblin[Robin] (3)]
  1283 | D:2      | HP: 4/48 [goblin/+0 club[Robin] (3)]
  1284 | D:2      | Slain by a goblin

Vanquished Creatures
  3 adders (D:2)
  A dart slug (D:1)
  2 bats (D:1)
  4 endoplasms (D:1)
  A giant cockroach (D:1)
  12 goblins
  4 hobgoblins (D:1)
  2 quokkas (D:1)
  6 ball pythons
  2 frilled lizards (D:1)
  3 kobolds
  2 rats (D:1)
42 creatures vanquished.

Table legend:
 A = Non-vault XP
 B = Vault XP
 C = Vault XP percentage of total XP
 D = Non-vault monster count
 E = Vault monster count
 F = Vault count percentage of total count
                 A         B        C        D         E       F
            +---------+---------+-------+---------+---------+-------
      Total |      96 |       9 |   8.6 |      37 |       5 |  11.9
            +---------+---------+-------+---------+---------+-------
        D:1 |      54 |       0 |   0.0 |      32 |       0 |   0.0
        D:2 |      42 |       9 |  17.6 |       5 |       5 |  50.0
            +---------+---------+-------+---------+---------+-------

Illustrated notes

Table legend:
 A = Kills in this place as a percentage of kills in entire the game.
 B = Kills by you in this place as a percentage of kills by you in the entire game.
 C = Kills by friends in this place as a percentage of kills by friends in the entire game.
 D = Other kills in this place as a percentage of other kills in the entire game.
 E = Experience gained in this place as a percentage of experience gained in the entire game.
 F = Experience gained in this place divided by the number of levels of this place that you have seen.
                   A       B       C       D       E      F
               +-------+-------+-------+-------+-------+----------------------
         Total | 100.0 | 100.0 |   N/A |   N/A | 100.0 |  52.5
       Dungeon | 100.0 | 100.0 |   N/A |   N/A | 100.0 |  52.5
               +-------+-------+-------+-------+-------+----------------------

Table legend: (Time is in decaauts)
 A = Elapsed time spent in this place.
 B = Non-inter-level travel time spent in this place.
 C = Inter-level travel time spent in this place.
 D = Time resting spent in this place.
 E = Time spent auto-exploring this place.
 F = Levels seen in this place.
 G = Mean time per level.
                   A        B        C        D        E       F      G
               +--------+--------+--------+--------+--------+-----+--------+
         Total |   1329 |   1303 |     26 |      0 |    955 |   2 |  664.5 |
       Dungeon |   1329 |   1303 |     26 |      0 |    955 |   2 |  664.5 |
               +--------+--------+--------+--------+--------+-----+--------+

Top non-repeatable levels by time:
     D:1: 856 daAuts
     D:2: 473 daAuts
